 Dungeon Crawl Stone Soup version 0.14.0-18-g0341e45 (webtiles) character file.

252 Qrupt the Poker (level 5, 0/73 HPs)
             Began as a Naga Berserker on Apr 20, 2014.
             Was a Priest of Trog.
             Slain by a green rat (7 damage)
             ... on Level 3 of the Dungeon.
             The game lasted 00:07:21 (2929 turns).

Qrupt the Poker (Naga Berserker)                    Turns: 2929, Time: 00:07:21

HP   0/73        AC  5     Str 25      XL: 5   Next: 72%
MP   5/5         EV 10     Int  7      God: Trog [***...]
Gold 59          SH  0     Dex 11      Spells:  0 memorised,  4 levels left

rFire  . . .     SeeInvis +     a - +0 spear
rCold  . . .     Clarity  .     b - +0 animal skin
rNeg   . . .     Conserve .     (no shield)
rPois  +         rCorr    .     h - +2 helmet
rElec  .         rRot     .     (no cloak)
SustAb . .       Spirit   .     (no gloves)
rMut   .         Warding  .     (no barding)
Saprov . . .     Stasis   .     (no amulet)
MR     .....                    (no ring)
                                (no ring)

@: berserking, quick, not resistant to hostile enchantments, extremely
unstealthy
A: spit poison, see invisible, deformed body, poison resistance, slowness 2, AC
+1
a: Spit Poison, Burn Spellbooks, Berserk, Trog's Hand, Renounce Religion


You were on level 3 of the Dungeon.
You worshipped Trog.
Trog was most pleased with you.
You were hungry.

You visited 1 branch of the dungeon, and saw 3 of its levels.

You collected 59 gold pieces.

Inventory:

Hand weapons
 a - a +0,+0 spear (weapon)
Armour
 b - a +0 animal skin (worn)
 h - a +2 helmet (worn)
Comestibles
 i - 3 bread rations
 k - 2 chokos
Scrolls
 f - 5 scrolls of identify
 j - a scroll of random uselessness {unknown}
 l - a scroll of recharging {unknown}
 n - a scroll of fog {unknown}
 o - a scroll of blinking {unknown}
Jewellery
 m - a cursed ring of sustain abilities
Potions
 c - 5 potions of curing
 d - a potion of flight {unknown}
 e - a potion of might
 g - a potion of restore abilities {unknown}
 p - a potion of cure mutation {unknown}


   Skills:
 - Level 3.0 Fighting
 + Level 6.2 Polearms
 - Level 1.5 Armour
 - Level 1.5 Dodging


You had 4 spell levels left.
You didn't know any spells.

Dungeon Overview and Level Annotations

Branches:
Dungeon (3/15)

Altars:

Portals:
Sewer: D:3


Innate Abilities, Weirdness & Mutations

You cannot wear boots.
You can spit poison.
Your serpentine skin is tough (AC +1).
You have supernaturally acute eyesight.
Armour fits poorly on your strangely shaped body.
Your system is resistant to poisons.
You cover ground very slowly.


Message History

The giant cockroach closely misses you. The green rat closely misses you.
You closely miss the green rat.
The green rat is almost dead.
You hit the giant cockroach.
You kill the giant cockroach!
Trog accepts your kill. The green rat bites you.
* * * LOW HITPOINT WARNING * * *
You closely miss the green rat.
The green rat is almost dead.
You closely miss the green rat.
The green rat is almost dead.
The green rat bites you!
* * * LOW HITPOINT WARNING * * *
You closely miss the green rat.
The green rat is almost dead.
You closely miss the green rat.
The green rat is almost dead.
The green rat bites you!
You die...

.....>.............#
#...#.##.########.##
###.#.##.########.#####
......................#
.......#.####.....###.#
###.#..#.# ##.##### #.#
....#....# #......# #.#
#####...########### #.#
#........≈≈≈@# #.#
##..####.≈≈%r# #.#
#..#....≈≈≈≈# #.#
######..#.#...≈≈≈####.#######
........#......≈≈#..........#
#######.###.###..############
#...%.....## #####.#.###
#.#.#


You could see a green rat.

Vanquished Creatures
  A hound (D:3)
  Natasha (D:3)
  5 adders (D:3)
  A green rat (D:3)
  A worm (D:2)
  4 giant geckos
  An ooze (D:3)
  An orc (D:3)
  3 ball pythons
  5 bats
  11 goblins
  11 hobgoblins
  5 jackals (D:1)
  6 kobolds (D:1)
  A quokka (D:2)
  5 giant cockroaches
  9 rats
71 creatures vanquished.

Notes
Turn   | Place    | Note
--------------------------------------------------------------
     0 | D:1      | Qrupt, the Naga Berserker, began the quest for the Orb.
     0 | D:1      | Reached XP level 1. HP: 21/21 MP: 1/1
    77 | D:1      | Reached XP level 2. HP: 21/28 MP: 2/2
   779 | D:1      | Reached skill level 4 in Polearms
   809 | D:1      | HP: 1/28 [jackal (1)]
  1115 | D:1      | Reached XP level 3. HP: 34/34 MP: 3/3
  1297 | D:1      | Acquired Trog's second power
  1964 | D:2      | Reached XP level 4. HP: 30/42 MP: 4/4
  2427 | D:3      | Reached skill level 5 in Polearms
  2449 | D:3      | Noticed Natasha
  2459 | D:3      | Killed Natasha
  2553 | D:3      | Reached XP level 5. HP: 38/49 MP: 5/5
  2796 | D:3      | Reached skill level 6 in Polearms
  2894 | D:3      | Found a glowing drain.
  2929 | D:3      | Slain by a green rat

Action                   |  1- 3 |  4- 6 || total
-------------------------+-------+-------++-------
Melee: Spear             |   202 |   153 ||   355
Invok: Berserk           |     3 |     2 ||     5
  Use: Scroll            |       |     3 ||     3
 Stab: Sleeping          |       |     3 ||     3
